 Dungeon Crawl Stone Soup version 0.21.1-1-g345015fe64 (webtiles) character file.

18897 LilDood the Grappler (level 12, 0/127 HPs)
             Began as a Troll Berserker on June 26, 2018.
             Was the Champion of Trog.
             Killed from afar by a frost giant (23 damage)
             ... with a bolt of cold
             ... in an ice cave.
             The game lasted 00:36:48 (10676 turns).

LilDood the Grappler (Troll Berserker)             Turns: 10676, Time: 00:36:48

Health: 0/127      AC:  9    Str: 31    XL:     12   Next: 31%
Magic:  11/11      EV: 13    Int:  4    God:    Trog [******]
Gold:   920        SH:  0    Dex:  9    Spells: 11/11 levels left

rFire    . . .     SeeInvis .     - Unarmed
rCold    . . .     Gourm    +   (no shield)
rNeg     + . .     Faith    .   J - +0 acid dragon scales
rPois    +         Spirit   .   (helmet restricted)
rElec    .         Reflect  .   (no cloak)
rCorr    +         Harm     .   (gloves unavailable)
MR       .....                  (boots unavailable)
Stlth    +.........             (no amulet)
HPRegen  0.71/turn              x - ring of positive energy
MPRegen  0.12/turn              B - ring of poison resistance

@: no status effects
A: large, unfitting armour, claws 3, fast metabolism 3, gourmand, regeneration
1, shaggy fur 1, tough skin 2
a: Berserk, Trog's Hand, Brothers in Arms, Burn Spellbooks, Renounce Religion


You were in an ice cave.
You worshipped Trog.
Trog was exalted by your worship.
You were full.

You visited 1 branch of the dungeon, and saw 12 of its levels.
You also visited: Ice Cave.

You collected 920 gold pieces.

Inventory:

Missiles
 C - 6 large rocks (quivered)
Armour
 J - +0 acid dragon scales (worn)
Jewellery
 e - a +2 ring of evasion
 x - a ring of positive energy (left claw)
 B - a ring of poison resistance (right claw)
 H - an uncursed amulet of harm {unknown}
 L - an uncursed ring of protection from fire {unknown}
Wands
 n - a wand of iceblast (9)
 s - a wand of acid (5)
 v - a wand of random effects (69)
 y - a wand of enslavement (30)
 D - a wand of disintegration (14)
Scrolls
 d - 11 scrolls of identify {unknown}
 f - 3 scrolls of noise {unknown}
 g - 2 scrolls of magic mapping {unknown}
 k - a scroll of immolation {unknown}
 l - 6 scrolls of teleportation {unknown}
 m - 3 scrolls of remove curse {unknown}
 o - 4 scrolls of enchant armour {unknown}
 p - 4 scrolls of enchant weapon {unknown}
 q - a scroll of blinking {unknown}
 w - a scroll of fear {unknown}
 E - a scroll of torment {unknown}
 F - a scroll of silence {unknown}
 K - a scroll of fog {unknown}
 M - a scroll of summoning {unknown}
Potions
 a - 2 potions of agility {unknown}
 c - 2 potions of berserk rage {unknown}
 h - 3 potions of haste
 i - 4 potions of curing
 j - a potion of brilliance {unknown}
 r - 2 potions of resistance {unknown}
 t - 2 potions of heal wounds
 u - a potion of invisibility {unknown}
 z - a potion of mutation {unknown}
 A - 2 potions of magic {unknown}
 G - a potion of flight {unknown}
 I - a potion of lignification {unknown}
Miscellaneous
 N - a lightning rod (4/4)
Comestibles
 b - 22 rations


   Skills:
 + Level 10.3 Fighting
 + Level 10.3 Dodging
 + Level 12.0 Unarmed Combat


You had 11 spell levels left.
You didn't know any spells.

Dungeon Overview and Level Annotations

Branches:
Dungeon (12/15)            Temple (0/1) D:6            Lair (0/6) D:9
    Orc (0/2) D:10

Altars:
Elyvilon
Gozag
Kikubaaqudgha
Okawaru
Qazlal
Sif Muna

Shops:
D:5 %   D:8 }


Innate Abilities, Weirdness & Mutations

You are too large for most types of armour.
You have claws for hands.
Your metabolism is lightning-fast.
You like to eat raw meat.
Your natural rate of healing is unusually fast.
You are covered in fur. (AC +1)
You have very tough skin. (AC +2)


Message History

You eviscerate the polar bear!!!
The polar bear is almost dead.
The polar bear misses you. The polar bear claws you.
The polar bear closely misses you.
You mangle the polar bear!!
You kill the polar bear!
Trog accepts your kill.
The frost giant points at you and mumbles some strange words.
The bolt of cold hits you!
The frost giant points at you and mumbles some strange words.
The bolt of cold hits you! The frost giant casts a spell at you.
The bolt of cold misses you.
The frost giant gestures at you while chanting.
The bolt of cold hits you!
* * * LOW HITPOINT WARNING * * *
You feel better.
The frost giant points at you and mumbles some strange words.
The bolt of cold hits you!
You die...

###≈≈≈###≈##
#≈≈≈≈≈#≈≈#
≈≈≈≈≈≈≈≈##
≈≈≈≈≈≈≈≈≈##
≈≈≈≈≈≈≈#.#
#≈≈≈≈≈##.##
###≈≈≈≈≈≈##†#
##.##≈≈#≈ ##.#
#....#≈## #.@#
#..##h#≈.###..#
#.. #Y###|#...#


hY. #h##..#...# .h. ##.###...## .C #C###.C## h ##.##h## #.##..# ##.##.## You
could see a frost giant and a polar bear.

Vanquished Creatures
  The ghost of gorpus the Transmogrifier, a journeyman OpTm of Nemelex Xobeh (D:11)
  The ghost of zauberei the Slasher, a novice TrFi of Makhleb (D:6)
  Pikel (D:7)
  2 cyclopes (D:12)
  An ice statue (IceCv)
  A troll (D:12)
  Prince Ribbit (D:8)
  A hornet (D:10)
  16 polar bears (IceCv)
  27 yaks
  2 hungry ghosts
  2 wyverns
  4 vampire mosquitoes (D:12)
  An acid dragon (D:10)
  2 slaves (D:7)
  An ice beast (D:9)
  A phantom (D:5)
  3 sky beasts
  8 orc warriors
  2 black bears
  16 wolves (IceCv)
  4 ogres
  2 centaurs
  A big kobold (D:9)
  9 bullfrogs
  A wyvern skeleton (D:12)
  5 scorpions
  4 jellies (D:10)
  A water moccasin skeleton (D:9)
  14 killer bees
  4 howler monkeys
  6 crimson imps
  2 centaur zombies
  2 quasits
  4 hounds
  7 orc priests
  20 orc wizards
  Ijyb (D:2)
  Natasha (thrice) (D:4)
  6 iguanas
  9 worker ants
  A killer bee zombie (D:8)
  A hound zombie (D:7)
  2 worker ant zombies
  7 gnolls
  A howler monkey skeleton (D:4)
  15 adders
  A shadow imp (D:9)
  12 white imps (D:12)
  6 oozes
  An adder zombie (D:4)
  2 adder skeletons
  3 worms (D:2)
  3 dart slugs
  4 leopard geckos
  49 orcs
  4 bats
  5 giant cockroaches
  13 goblins
  2 hobgoblins
  3 jackals (D:1)
  3 quokkas
  A ball python (D:4)
  7 frilled lizards
  10 kobolds
  A leopard gecko zombie (D:6)
  A quokka skeleton (D:8)
  3 rats
  A fungus (D:9)
361 creatures vanquished.

Vanquished Creatures (others)
  A polar bear (IceCv)
  A slave (D:7)
  2 wolves (IceCv)
4 creatures vanquished.

Grand Total: 365 creatures vanquished

Notes
Turn   | Place    | Note
-------+----------+-------------------------------------------
     0 | D:1      | LilDood the Troll Berserker began the quest for the Orb.
     0 | D:1      | Reached XP level 1. HP: 22/22 MP: 0/0
    70 | D:1      | Reached XP level 2. HP: 28/29 MP: 1/1
   544 | D:2      | Reached ** piety under Trog
   571 | D:2      | Reached XP level 3. HP: 30/36 MP: 2/2
   686 | D:2      | You fall through a shaft for 2 floors!
   815 | D:2      | Found a faded altar of an unknown god.
  1043 | D:2      | Noticed Ijyb
  1045 | D:2      | Reached XP level 4. HP: 45/45 MP: 3/3
  1053 | D:2      | Killed Ijyb
  1455 | D:3      | Found a stormy altar of Qazlal.
  1458 | D:3      | Reached skill level 4 in Unarmed Combat
  1487 | D:3      | Found a stormy altar of Qazlal.
  2019 | D:4      | Reached XP level 5. HP: 39/53 MP: 4/4
  2133 | D:4      | Noticed Natasha
  2157 | D:4      | Killed Natasha
  2190 | D:4      | Noticed Natasha
  2195 | D:4      | Killed Natasha
  2197 | D:4      | Reached *** piety under Trog
  2202 | D:4      | Reached XP level 6. HP: 62/62 MP: 5/5
  2318 | D:4      | Reached skill level 5 in Unarmed Combat
  2492 | D:4      | Found an ancient bone altar of Kikubaaqudgha.
  2498 | D:4      | Noticed Natasha
  2507 | D:4      | Killed Natasha
  2507 | D:4      | Reached XP level 7. HP: 65/71 MP: 6/6
  2708 | D:5      | Entered Level 5 of the Dungeon
  2834 | D:5      | Found Izi Nyn's Food Shop.
  2883 | D:5      | Found an iron altar of Okawaru.
  2922 | D:5      | Noticed a hungry ghost
  2934 | D:5      | Killed a hungry ghost
  3172 | D:5      | Reached skill level 5 in Fighting
  3212 | D:5      | Reached skill level 5 in Dodging
  3301 | D:5      | Reached skill level 6 in Unarmed Combat
  3523 | D:5      | Reached XP level 8. HP: 61/80 MP: 7/7
  3665 | D:6      | Found a staircase to the Ecumenical Temple.
  3700 | D:6      | Reached **** piety under Trog
  3705 | D:6      | Noticed zauberei's ghost (novice TrFi)
  3718 | D:6      | Killed zauberei's ghost
  3718 | D:6      | Reached skill level 7 in Unarmed Combat
  3909 | D:6      | Reached XP level 9. HP: 89/89 MP: 8/8
  4791 | D:7      | Noticed Pikel
  4805 | D:7      | Killed Pikel
  4805 | D:7      | Reached skill level 8 in Unarmed Combat
  4963 | D:7      | Reached ***** piety under Trog
  5204 | D:8      | Found Rexzepredwu's Gadget Boutique.
  5467 | D:8      | Noticed Prince Ribbit
  5561 | D:8      | Reached XP level 10. HP: 60/102 MP: 9/9
  5636 | D:8      | Killed Prince Ribbit
  5818 | D:8      | Found a deep blue altar of Sif Muna.
  5827 | D:8      | Reached skill level 9 in Unarmed Combat
  6352 | D:9      | Received a gift from Trog
  6463 | D:9      | Found a staircase to the Lair.
  6792 | D:9      | Found a white marble altar of Elyvilon.
  6877 | D:9      | Found an opulent altar of Gozag.
  6947 | D:10     | Entered Level 10 of the Dungeon
  7231 | D:10     | Paralysed by a hornet for 3 turns
  7509 | D:10     | Found a staircase to the Orcish Mines.
  7683 | D:10     | Reached skill level 10 in Unarmed Combat
  8064 | D:11     | Reached XP level 11. HP: 113/113 MP: 10/10
  8151 | D:11     | Noticed gorpus's ghost (journeyman OpTm)
  8195 | D:11     | Killed gorpus's ghost
  8936 | D:12     | Received a gift from Trog
  9145 | D:12     | Reached skill level 11 in Unarmed Combat
  9190 | D:12     | Found a frozen archway.
  9210 | D:12     | Reached ****** piety under Trog
  9340 | IceCv    | Entered an ice cave
  9488 | IceCv    | HP: 1/115 [polar bear (5)]
 10167 | IceCv    | Reached skill level 10 in Fighting
 10170 | IceCv    | Reached skill level 10 in Dodging
 10170 | IceCv    | Reached XP level 12. HP: 61/126 MP: 11/11
 10582 | IceCv    | Reached skill level 12 in Unarmed Combat
 10629 | IceCv    | Noticed a frost giant
 10667 | IceCv    | HP: 5/127 [frost giant/bolt of cold (54)]
 10676 | IceCv    | Killed from afar by a frost giant

Skill      XL: |  1  2  3  4  5  6  7  8  9 10 11 12 |
---------------+-------------------------------------+-----
Fighting       | 3 4 5 6 7 8 10 | 10.3
Dodging        | 3 4 5 6 7 8 10 | 10.3
Unarmed Combat | 4 5 6 7 8 10 11 12 | 12.0

Action                   |  1- 3 |  4- 6 |  7- 9 | 10-12 || total
-------------------------+-------+-------+-------+-------++-------
Melee: Unarmed           |    89 |   142 |   284 |   578 ||  1093
       Punch             |     1 |       |    10 |    35 ||    46
Invok: Berserk           |     3 |     3 |     7 |    11 ||    24
       Trog's Hand       |       |       |     1 |       ||     1
       Burn Spellbooks   |       |       |       |     1 ||     1
  Use: Potion            |       |       |       |     7 ||     7
 Stab: Sleeping          |       |       |     6 |       ||     6
  Eat: Chunk             |    11 |    19 |    45 |    53 ||   128
       Ration            |       |     1 |       |     1 ||     2
Armor: Animal skin       |    47 |    38 |    43 |    46 ||   174
       Acid dragon scale |       |       |       |   164 ||   164
Dodge: Dodged            |    80 |    80 |   168 |   424 ||   752
